 Seeded DCSS version 0.27-a0-819-g058290f16d (webtiles) character file.

Game seed: 20210330 (custom seed)

209 Snicker the Sneak (level 5, -7/39 HPs)
             Began as a Demonspawn Brigand on Mar 30, 2021.
             Mangled by an iguana (10 damage)
             ... on level 5 of the Dungeon.
             The game lasted 00:08:08 (3087 turns).

Snicker the Sneak (Demonspawn Brigand)              Turns: 3087, Time: 00:08:08

Health: -7/39      AC:  3    Str: 12    XL:     5   Next: 55%
Magic:  5/5        EV: 19    Int: 12    God:
Gold:   145        SH:  0    Dex: 15    Spells: 4/4 levels left

rFire    . . .     SeeInvis .   b - +2 hand axe (elec)
rCold    + . .     Faith    .   (no shield)
rNeg     . . .     Spirit   .   j - +0 robe
rPois    .         Reflect  .   (helmet restricted)
rElec    .         Harm     .   c - +0 cloak
rCorr    .         Rampage  .   (no gloves)
Will     .....     Clarity  +   (no boots)
Stlth    +++.......             (no amulet)
HPRegen  0.13/turn              f - +4 ring of evasion
MPRegen  0.09/turn              (no ring)

@: attractive
A: horns 1, repulsion field 2, clarity, cold resistance 1, mutation resistance
1, subdued magic 1
a: no special abilities


You were on level 5 of the Dungeon.
You visited 1 branch of the dungeon, and saw 4 of its levels.

You collected 145 gold pieces.

Inventory:

Hand Weapons
 a - a +2 dagger
 b - a +2 hand axe of electrocution (weapon)
Missiles
 d - 56 poisoned darts (quivered)
Armour
 c - a +0 cloak (worn)
 i - a scarf of harm
 j - a +0 robe (worn)
Jewellery
 f - a +4 ring of evasion (left hand)
Wands
 p - a wand of iceblast (12)
 t - a wand of paralysis (3)
Scrolls
 g - 3 scrolls of identify {unknown}
 h - a scroll of magic mapping {unknown}
 l - a scroll of amnesia {unknown}
 o - a scroll of torment {unknown}
 q - 2 scrolls of blinking {unknown}
 u - a scroll of fog {unknown}
Potions
 k - a potion of brilliance {unknown}
 m - a potion of attraction
 r - a potion of curing {unknown}
 s - a potion of heal wounds {unknown}


   Skills:
 + Level 2.5 Fighting
 * Level 3.3 Short Blades
 + Level 1.8 Throwing
 + Level 1.6 Dodging
 * Level 5.3 Stealth


You had 4 spell levels left.
You didn't know any spells.
Your spell library contained the following spells:

 Spells                   Type           Power      Damage    Failure   Level
 Animate Skeleton         Necr           0%         N/A       28%         1
 Apportation              Tloc           0%         N/A       28%         1
 Corona                   Hex            0%         N/A       28%         1
 Summon Small Mammal      Summ           0%         N/A       28%         1
 Confusing Touch          Hex            0%         N/A       65%         3
 Gell's Gravitas          Tloc           0%         N/A       65%         3
 Petrify                  Tmut/Erth      0%         N/A       96%         4
 Metabolic Englaciation   Hex/Ice        0%         N/A       100%        5
 Yara's Violent Unravell  Hex/Tmut       0%         3d3       100%        5


Dungeon Overview and Level Annotations

Branches:
Dungeon (3/15)

Altars:
Okawaru
Wu Jian

Shops:
D:5 :

Annotations:
D:3 1 runed translucent door, jestyr24's ghost, amateur DjFE
D:5 2 runed translucent doors, bilbop's ghost, amateur HOMo


Innate Abilities, Weirdness & Mutations

You have a pair of small horns on your head.
You are surrounded by a moderate repulsion field. (EV +3)
You possess an exceptional clarity of mind.
Your flesh is cold resistant. (rC+)
You are somewhat resistant to further mutation.
Your spells are a little easier to cast, but a little less powerful.


Message History

Press: ? - help, Q - select action, (/) - cycle Shift-Dir - straight line, f/p - iguana
Aim: an iguana (63% to hit)
You throw a curare-tipped dart. The curare-tipped dart hits the ogre.
The ogre is poisoned.
The ogre convulses.
The ogre seems to slow down.
The ogre is moderately wounded.
The ogre barely misses you.
Unknown command.
You hit the ogre. Lightning courses through the ogre!!
You kill the ogre!
The iguana completely misses you.
Your Stealth skill increases to level 5!
You have reached level 5!
You hit the iguana but do no damage.
You headbutt the iguana, but do no damage.
The orc wizard points at itself and mumbles some strange words.
The orc wizard flickers and vanishes!
Deactivating autopickup; reactivate with Ctrl-A.
The iguana misses you.
Unknown command.
You hit the iguana but do no damage. You headbutt the iguana.
The iguana is lightly wounded.
The iguana barely misses you.
Unknown command.
You hit the iguana.
The iguana is heavily wounded.
The iguana closely misses you.
Unknown command.
You barely miss the iguana.
The iguana is heavily wounded.
The iguana bites you. The iguana bites you!
* * * LOW HITPOINT WARNING * * *
It was a potion of attraction.
You feel attractive to monsters. The iguana misses you.
It was a potion of mutation.
You feel extremely strange.
You feel resistant to cold.
Your thoughts seem clearer.
Your connection to magic feels subdued.
You feel genetically stable. The iguana bites you!
You die...

............ ..
............ ...
............####.# .
.................Z# ..
#.................##...
##....#................
...............o.....#
..............o###...#
.............Z{l@..#
..............o##..=....
#..............# ..♣∩♣..
#......##+#.....#.#...#
.......# ##......#?♣.
.......# #......# . ..
.......# #......# . .
.......# #......# ..
.......# ......#


You could see an iguana, 2 orcs and a bullfrog skeleton.

Vanquished Creatures
  An ogre (D:5)
  An iguana (D:3)
  3 adders
  A worm (D:2)
  2 dart slugs (D:2)
  7 ball pythons
  6 bats (D:2)
  4 endoplasms
  4 giant cockroaches
  8 goblins
  6 hobgoblins
  3 jackals (D:3)
  4 quokkas
  3 frilled lizards
  6 kobolds
  5 rats
64 creatures vanquished.

Notes
Turn   | Place    | Note
-------+----------+-------------------------------------------
     0 | D:1      | Snicker the Demonspawn Brigand began the quest for the Orb.
     0 | D:1      | Reached XP level 1. HP: 16/16 MP: 1/1
   121 | D:1      | Reached skill level 4 in Stealth
   245 | D:1      | Gained mutation: You have a pair of small horns on your
                  | head. [demonic ancestry]
   245 | D:1      | Reached XP level 2. HP: 22/22 MP: 2/2
   596 | D:1      | Found an iron altar of Okawaru.
   930 | D:1      | Gained mutation: You are surrounded by a mild repulsion
                  | field. (EV +2) [demonic ancestry]
   930 | D:1      | Reached XP level 3. HP: 27/27 MP: 3/3
  1273 | D:2      | Reached skill level 1 in Dodging
  1674 | D:2      | Gained mutation: You are surrounded by a moderate repulsion
                  | field. (EV +3) [demonic ancestry]
  1674 | D:2      | Reached XP level 4. HP: 21/33 MP: 4/4
  1951 | D:2      | Found an ornate altar of the Wu Jian Council.
  2879 | D:3      | Found a runed translucent door.
  2879 | D:3      | Noticed jestyr24's ghost (amateur DjFE)
  2884 | D:3      | You fall into a shaft and drop 2 floors!
  2884 | D:5      | Entered Level 5 of the Dungeon
  2888 | D:5      | Found a large runed translucent door.
  2888 | D:5      | Found a large runed translucent door.
  2888 | D:5      | Noticed bilbop's ghost (amateur HOMo)
  3067 | D:5      | Noticed an ogre
  3074 | D:5      | Found Tal Qaff's Book Shoppe.
  3081 | D:5      | Killed an ogre
  3082 | D:5      | Reached skill level 5 in Stealth
  3082 | D:5      | Reached XP level 5. HP: 18/39 MP: 5/5
  3087 | D:5      | Gained mutation: Your flesh is cold resistant. (rC+)
                  | [potion of mutation]
  3087 | D:5      | Gained mutation: You possess an exceptional clarity of
                  | mind. [potion of mutation]
  3087 | D:5      | Gained mutation: Your spells are a little easier to cast,
                  | but a little less powerful. [potion of mutation]
  3087 | D:5      | Gained mutation: You are somewhat resistant to further
                  | mutation. [potion of mutation]
  3087 | D:5      | Mangled by an iguana

Illustrated notes

Levels and vault maps discovered:
D:1:      giann_forest_graveyard, layout_loops_corners,
          okawaru_ov_weapons_minmay
D:2:      layout_loops_ring, marbit_many_paths,
          amcnicky_mini_rare_corridor_liquid, minmay_octomino_j4
D:3:      layout_loops_ring, overflow_temple_1_default,
          hellmonk_ghost_happy_afterlife, hangedman_decor_growths
D:5:      layout_basic, pdpol_temple_overflow_zin_treasury_gozag_greed,
          grunt_temple_overflow_open, ebering_ghost_disaster_area, serial_shops,
          nicolae_shop_trees, elyvilon_altar_3

Skill      XL: |  1  2  3  4 |
---------------+-------------+-----
Stealth        | 4 5 |  5.3
Short Blades   | 2 3 |  3.3
Dodging        | 1 |  1.6
Fighting       | |  2.5
Throwing       | |  1.8

Action                   |  1- 3 |  4- 6 || total
-------------------------+-------+-------++-------
Melee: Dagger            |   111 |    20 ||   131
       Hand axe          |    10 |    28 ||    38
       Headbutt          |    13 |     7 ||    20
Throw: Dart              |       |     2 ||     2
  Use: Potion            |       |     2 ||     2
 Stab: Sleeping          |     9 |       ||     9
Armor: Robe              |    20 |     2 ||    22
Dodge: Dodged            |    91 |    55 ||   146

Table legend: (Time is in decaauts)
 A = Elapsed time spent in this place.
 B = Non-inter-level travel time spent in this place.
 C = Inter-level travel time spent in this place.
 D = Time resting spent in this place.
 E = Time spent auto-exploring this place.
 F = Levels seen in this place.
 G = Mean time per level.
                   A        B        C        D        E       F      G
               +--------+--------+--------+--------+--------+-----+--------+
         Total |   3073 |   3012 |     61 |    244 |   2207 |   4 |  768.2 |
       Dungeon |   3073 |   3012 |     61 |    244 |   2207 |   4 |  768.2 |
               +--------+--------+--------+--------+--------+-----+--------+

Top non-repeatable levels by time:
     D:2: 1284 daAuts
     D:1: 1260 daAuts
     D:3: 325 daAuts
     D:5: 203 daAuts
